 Dungeon Crawl Stone Soup version 0.29-a0-902-g0f71de6fce (webtiles) character file.

Game seed: 5669719796828733708

457 funkygono the Firebug (level 7, -2/37 HPs)
             Began as a Gargoyle Fire Elementalist on July 22, 2022.
             Slain by a lemure (7 damage)
             ... led by Pikel
             ... on level 4 of the Dungeon on July 24, 2022.
             The game lasted 00:06:49 (4750 turns).

funkygono the Firebug (Gargoyle Fire Elementalist)  Turns: 4750, Time: 00:06:50

Health: -2/37      AC:  8    Str: 11    XL:     7   Next: 6%
Magic:  14/14      EV: 12    Int: 18    God:
Gold:   66         SH:  0    Dex: 10    Spells: 5/15 levels left

rFire   . . .      SeeInvis .   e - +0 flail
rCold   . . .      Faith    .   (no shield)
rNeg    + . .      Spirit   .   a - +0 robe
rPois   ∞          Reflect  .   f - +0 helmet
rElec   +          Harm     .   (no cloak)
rCorr   .          Rampage  .   g - +0 pair of gloves
Will    .....                   (no boots)
Stlth   ++........              (no amulet)
HPRegen 0.12/turn               (no ring)
MPRegen 0.14/turn               (no ring)

@: no status effects
A: sickness immunity, AC +4, negative energy resistance 1, electricity
resistance, torment resistance 1, petrification resistance, subdued magic 1,
noise suppression, devolution 1
a: no special abilities


You were on level 4 of the Dungeon.
You visited 1 branch of the dungeon, and saw 4 of its levels.

You collected 66 gold pieces.

Inventory:

Hand Weapons
 e - a +0 flail (weapon)
Armour
 a - a +0 robe (worn)
 f - a +0 helmet (worn)
 g - a +0 pair of gloves (worn)
Scrolls
 i - a scroll of fear {unknown}
 l - a scroll of teleportation
Potions
 d - a potion of resistance
 h - a potion of lignification
 j - a potion of flight


   Skills:
 + Level 0.5 Fighting
 + Level 1.1 Maces & Flails
 + Level 1.8 Dodging
 - Level 2.1 Stealth
 + Level 4.6 Spellcasting
 + Level 3.4 Conjurations
 + Level 4.7 Fire Magic


You had 5 spell levels left.
You knew the following spells:

 Your Spells              Type           Power      Damage    Failure   Level
a - Foxfire               Conj/Fire      56%        2x1d6     1%          1
b - Scorch                Fire           32%        2d7       2%          2
c - Conjure Flame         Conj/Fire      14%        6-21      6%          3
d - Flame Wave            Conj/Fire      14%        2d6       22%         4

Your spell library contained the following spells:

 Spells                   Type           Power      Damage    Failure   Level
 Inner Flame              Hex/Fire       9%         N/A       13%         3


Dungeon Overview and Level Annotations

Branches:
Dungeon (4/15)
 Temple: D:4-7

Altars:
Uskayaw
Wu Jian

Annotations:
D:4 3 runed translucent doors, Megustar's ghost, amateur DEFE; Pikel


Innate Abilities, Weirdness & Mutations

You are immune to sickness and miasma.
Your stone body is resilient. (AC +4)
You are immune to poison.
You resist negative energy. (rN+)
You are resistant to electric shocks. (rElec)
You are resistant to unholy torment.
You are immune to petrification.
Your spells are a little easier to cast, but a little less powerful.
You passively dampen the noise of your surroundings.
You have hidden genetic defects.


Message History

The lemure attacks as you move away! The lemure barely misses you.
The lemure attacks as you move away! The lemure hits you but does no damage.
Pikel says, "You'll freeze in Cocytus!"
The lemure attacks as you move away! The lemure misses you.
The lemure attacks as you move away! The lemure closely misses you.
Pikel cracks his whip.
The lemure attacks as you move away! The lemure barely misses you.
The lemure attacks as you move away! The lemure hits you but does no damage.
The lemure attacks as you move away! The lemure hits you but does no damage.
The lemure attacks as you move away! The lemure closely misses you.
Pikel says, "Dispater doesn't talk much, but I know they dig me."
The lemure attacks as you move away! The lemure hits you.
The lemure attacks as you move away! The lemure hits you.
* * * LOW HITPOINT WARNING * * *
The lemure attacks as you move away! The lemure hits you but does no damage.
The lemure attacks as you move away! The lemure hits you but does no damage.
Items here: ( )) ÷.
The lemure attacks as you move away! The lemure closely misses you.
Items here: ))) [[ ÷÷÷.
The lemure attacks as you move away! The lemure hits you.
* * * LOW HITPOINT WARNING * * *
The lemure attacks as you move away! The lemure hits you.
* * * LOW HITPOINT WARNING * * *
Unknown command.
Cast which spell? (? or * to list)
The spell is extremely dangerous to miscast (26% risk of failure)!
Continue anyway?
Okay, then.
Level annotation: 3 runed translucent doors, Megustar's ghost, amateur DEFE; Pikel Welcome back, funkygono the Gargoyle Fire Elementalist.
Press ? for a list of commands and other information.
Unknown command.
Okay, then.
You aren't carrying any items that you can evoke.
Unknown command.
It was a potion of mutation.
You feel extremely strange.
You feel a hidden malignance growing inside you.
Your connection to magic feels subdued.
You feel your surroundings grow quieter.
The lemure hits you!
You die...

... #.# ###+++### K.. #.#
#.......# #.# #.# #.......# #.#
#.# #####..#### #.######.##
#.......# ..5..55...###.#####.#
..#####.....#.#####.####### ###
#.5.#.#[##.5..)5(...#
##...)...#@##.#####.#
#.##.#..#5##.#####.####
#.##.#.......##.......#
#.##...)...####.##.##.#
##.#####....# #.##5##.#
##.#......#######.##....#
######.###...........#.####..#
......## ##...#5.....#.......#
.......###....5......######K###


You could see 3 lemures.

Vanquished Creatures
  Sigmund (D:3)
  Blork the orc (D:4)
  A scorpion (D:4)
  An orc priest (D:4)
  Robin (D:2)
  3 adders
  A gnoll (D:2)
  An ufetubus (D:4)
  A worm (D:2)
  5 dart slugs
  8 orcs
  7 endoplasms
  2 giant cockroaches
  16 goblins
  4 hobgoblins
  6 jackals
  9 kobolds
  2 quokkas
  5 ball pythons
  5 bats (D:1)
  3 frilled lizards (D:1)
  4 rats
87 creatures vanquished.

Vanquished Creatures (others)
  278 foxfires
278 creatures vanquished.

Grand Total: 365 creatures vanquished

Notes
Turn   | Place    | Note
-------+----------+-------------------------------------------
     0 | D:1      | funkygono the Gargoyle Fire Elementalist began the quest
                  | for the Orb.
     0 | D:1      | Reached XP level 1. HP: 10/10 MP: 3/3
   307 | D:1      | Reached XP level 2. HP: 15/15 MP: 0/5
   310 | D:1      | Learned a level 2 spell: Scorch
   974 | D:1      | Reached XP level 3. HP: 19/19 MP: 3/6
   978 | D:1      | Learned a level 3 spell: Conjure Flame
  1685 | D:2      | Noticed Robin
  1795 | D:2      | Killed Robin
  1796 | D:2      | Reached XP level 4. HP: 5/24 MP: 1/7
  3390 | D:3      | Reached XP level 5. HP: 28/28 MP: 6/10
  3390 | D:3      | Noticed Sigmund
  3405 | D:3      | Killed Sigmund
  3406 | D:3      | Reached skill level 1 in Maces & Flails
  3406 | D:3      | Reached XP level 6. HP: 30/33 MP: 1/12
  4036 | D:3      | Learned a level 4 spell: Flame Wave
  4158 | D:4      | Found a hide-covered altar of Uskayaw.
  4159 | D:4      | Found an ornate altar of the Wu Jian Council.
  4237 | D:4      | Noticed Blork the orc
  4245 | D:4      | Killed Blork the orc
  4306 | D:4      | Found a runed translucent gate.
  4306 | D:4      | Found a runed translucent gate.
  4306 | D:4      | Found a runed translucent gate.
  4370 | D:4      | Reached XP level 7. HP: 27/37 MP: 4/13
  4570 | D:4      | Noticed Megustar's ghost (amateur DEFE)
  4642 | D:4      | Noticed Pikel
  4690 | D:4      | Upgraded the game from 0.29-a0-892-g2c4c91d9db to
                  | 0.29-a0-902-g0f71de6fce
  4750 | D:4      | Gained mutation: You have hidden genetic defects. [potion
                  | of mutation]
  4750 | D:4      | Gained mutation: Your spells are a little easier to cast,
                  | but a little less powerful. [potion of mutation]
  4750 | D:4      | Gained mutation: You passively dampen the noise of your
                  | surroundings. [potion of mutation]
  4750 | D:4      | Slain by a lemure

Illustrated notes

Levels and vault maps discovered:
D:1:      dpeg_arrival_leaves_temple_mockup, layout_loops_corners
D:2:      layout_basic, cheibrodos_gnoll_hut, uniq_robin
D:3:      layout_loops_ring, nicolae_underground_beach, uniq_sigmund
D:4:      layout_loops_cross, mainiacjoe_overflow_divided_tiny,
          ebering_ghost_rock_garden, uniq_blork_the_orc, uniq_pikel

Skill      XL: |  1  2  3  4  5 |
---------------+----------------+-----
Conjurations   | 2 3 |  3.4
Spellcasting   | 3 4 |  4.6
Maces & Flails | 1 |  1.1
Fire Magic     | 4 |  4.7
Fighting       | |  0.5
Dodging        | |  1.8
Stealth        | |  2.1

Action                   |  1- 3 |  4- 6 |  7- 9 || total
-------------------------+-------+-------+-------++-------
Melee: Club              |     4 |       |       ||     4
       Flail             |     5 |    10 |     8 ||    23
 Cast: Foxfire           |    66 |    82 |    18 ||   166
       Scorch            |       |     8 |     3 ||    11
  Use: Scroll            |       |    13 |       ||    13
       Potion            |       |       |     5 ||     5
Armor: Robe              |    11 |    11 |    17 ||    39
Dodge: Dodged            |     9 |    17 |    34 ||    60

Table legend: (Time is in decaauts)
 A = Elapsed time spent in this place.
 B = Non-inter-level travel time spent in this place.
 C = Inter-level travel time spent in this place.
 D = Time resting spent in this place.
 E = Time spent auto-exploring this place.
 F = Levels seen in this place.
 G = Mean time per level.
                   A        B        C        D        E       F      G
               +--------+--------+--------+--------+--------+-----+--------+
         Total |   4758 |   4606 |    152 |    584 |   3308 |   4 | 1189.5 |
       Dungeon |   4758 |   4606 |    152 |    584 |   3308 |   4 | 1189.5 |
               +--------+--------+--------+--------+--------+-----+--------+

Top non-repeatable levels by time:
     D:2: 1726 daAuts
     D:1: 1343 daAuts
     D:3: 1026 daAuts
     D:4: 661 daAuts
